 Dungeon Crawl Stone Soup version 0.21.1-1-g345015f (webtiles) character file.

83 Tr0llz0r the Skirmisher (level 4, 0/37 HPs)
             Began as a Demonspawn Abyssal Knight on Mar 26, 2018.
             Was a Believer of Lugonu.
             Succumbed to an adder's poison
             ... on level 3 of the Dungeon.
             The game lasted 00:14:41 (3184 turns).

Tr0llz0r the Skirmisher (Demonspawn Abyssal Knight) Turns: 3184, Time: 00:14:42

Health: 0/37       AC:  6    Str: 13    XL:     4   Next: 22%
Magic:  0/6        EV: 11    Int: 13    God:    Lugonu [**....]
Gold:   168        SH:  0    Dex: 13    Spells: 3/3 levels left

rFire    + . .     SeeInvis .   a - +1 falchion
rCold    x . .     Gourm    .   (no shield)
rNeg     . . .     Faith    .   D - +0 leather armour
rPois    .         Spirit   +   (helmet restricted)
rElec    .         Reflect  .   d - +2 cloak
rCorr    .         Harm     .   (no gloves)
MR       .....                  (no boots)
Stlth    +.........             (no amulet)
HPRegen  0.12/turn              C - ring of fire
MPRegen  0.10/turn              (no ring)

@: lethally poisoned (0 -> -2)
A: antennae 1, magic shield
a: Depart the Abyss, Bend Space, Renounce Religion


You were on level 3 of the Dungeon.
You worshipped Lugonu.
Lugonu was pleased with you.
You were not hungry.

You visited 1 branch of the dungeon, and saw 3 of its levels.
You visited the Abyss 1 time.

You collected 168 gold pieces.

Inventory:

Hand Weapons
 a - a +1 falchion (weapon)
 e - a +0 club
 k - a +0 dagger
 m - a +0 dagger
 n - a +0 club
 r - a +0 dagger
 s - a +0 club
 t - a +0 hunting sling
 w - a +0 club
 x - a +0 club
 E - a +0 dagger
Missiles
 f - 8 needles of sleeping
 g - 28 sling bullets
 i - 18 poisoned needles
 j - 108 stones (quivered)
 q - 9 arrows
Armour
 b - a +0 leather armour
 d - a +2 cloak (worn)
 D - a +0 leather armour (worn)
Jewellery
 C - a ring of fire (left hand)
Wands
 y - a wand of acid (5)
Scrolls
 h - a scroll of teleportation
 l - 2 scrolls of amnesia
 p - 2 scrolls of enchant armour
 z - a scroll of immolation {unknown}
 B - a scroll of noise {unknown}
Comestibles
 c - 3 rations


   Skills:
 + Level 3.8 Fighting
 + Level 2.7 Long Blades
 + Level 2.2 Armour
 + Level 1.2 Dodging
 + Level 0.3 Stealth
 + Level 2.9 Invocations


You had 3 spell levels left.
You didn't know any spells.

Dungeon Overview and Level Annotations

Branches:
Dungeon (3/15)

Altars:
Qazlal
Vehumet


Innate Abilities, Weirdness & Mutations

You have a pair of small antennae on your head.
When hurt, damage is shared between your health and your magic reserves.


Message History

The adder bites you but does no damage.
The gnoll hits you with a flail of crushing!
You barely miss the adder.
The adder is severely wounded.
The adder bites you.
You are poisoned.
The adder poisons you! The worm bites you!
* * * LOW HITPOINT WARNING * * *
The gnoll misses you.
As you read the scroll of teleportation, it crumbles to dust.
You feel strangely unstable.
You feel sick. The adder misses you.
You riposte.
You hit the adder.
You kill the adder!
Lugonu accepts your kill. The worm bites you!
* * * LOW HITPOINT WARNING * * *
The gnoll hits you with a flail of crushing.
* * * LOW HITPOINT WARNING * * *
Your surroundings suddenly seem different.
You die...

#####
#############
#..††
#...........#
#.###
#.##.###.##.#
#.# #.##.#
#>##.# #.#
##.##.#
#.##.#####.###
#...#@#
#.##..........
#.###..#
#[########.###
#. #..# #.#..
..# #.###.##
#.#.# #.##
#....## #.#.#
#. #.#.# #.#.#
#. #.#<# #.#.#
#.
#.#.######.#.#
#.
#...††.....#


There were no monsters in sight!

Vanquished Creatures
  Robin (D:3)
  An adder (D:3)
  5 worms
  2 dart slugs
  A leopard gecko (D:2)
  A giant cockroach (D:1)
  7 hobgoblins
  2 kobolds
  2 quokkas
  A ball python (D:2)
  4 bats
  4 frilled lizards
  10 goblins
  5 rats
  2 plants (D:2)
48 creatures vanquished.

Notes
Turn   | Place    | Note
-------+----------+-------------------------------------------
     0 | Abyss:1  | Tr0llz0r the Demonspawn Abyssal Knight began the quest for the Orb.
     0 | Abyss:1  | Reached XP level 1. HP: 18/18 MP: 2/2
     0 | D:1      | Escaped the Abyss
   567 | D:1      | Reached * piety under Lugonu
   567 | D:1      | Gained mutation: You have a pair of small antennae on your head. [demonic ancestry]
   567 | D:1      | Reached XP level 2. HP: 21/24 MP: 4/4
  1217 | D:2      | Reached skill level 1 in Dodging
  1267 | D:2      | Found a stormy altar of Qazlal.
  1595 | D:2      | Found a faded altar of an unknown god.
  1645 | D:2      | Found a radiant altar of Vehumet.
  1695 | D:2      | Gained mutation: When hurt, damage is shared between your health and your magic reserves. [demonic ancestry]
  1695 | D:2      | Reached XP level 3. HP: 24/29 MP: 5/5
  2779 | D:3      | Noticed Robin
  2797 | D:3      | Killed Robin
  2798 | D:3      | Reached XP level 4. HP: 31/37 MP: 6/6
  2808 | D:3      | Reached ** piety under Lugonu
  3182 | D:3      | HP: 1/37 [gnoll/flail of crushing (1)]
  3184 | D:3      | Succumbed to an adder's poison

Skill      XL: |  1  2  3 |
---------------+----------+-----
Dodging        | 1 |  1.2
Long Blades    | 2 |  2.7
Armour         | 2 |  2.2
Fighting       | |  3.8
Stealth        | |  0.3
Invocations    | |  2.9

Action                   |  1- 3 |  4- 6 || total
-------------------------+-------+-------++-------
Melee: Falchion          |   342 |    16 ||   358
Invok: Depart the Abyss  |     1 |       ||     1
       Bend Space        |       |     2 ||     2
  Use: Scroll            |    11 |     1 ||    12
       Potion            |     2 |     2 ||     4
  Eat: Ration            |     2 |     1 ||     3
Armor: Leather armour    |    48 |     9 ||    57
Dodge: Dodged            |    74 |    16 ||    90
       Rpst.: Falchion   |    35 |     6 ||    41
